 Dungeon Crawl Stone Soup version 0.23-b1-13-gf37ab262a9 (webtiles) character file.

Game seed: 7299686743039452278

3559 Peloso the Carver (level 9, -3/79 HPs)
             Began as a Minotaur Fighter on Feb 2, 2019.
             Was an Elder of Okawaru.
             Slain by Erolcha
             ... wielding a +0 giant spiked club
              (28 damage)
             ... on level 9 of the Dungeon.
             The game lasted 00:12:56 (6552 turns).

Peloso the Carver (Minotaur Fighter)                Turns: 6552, Time: 00:12:57

Health: -3/79      AC: 16    Str: 23    XL:     9   Next: 83%
Magic:  8/8        EV:  6    Int:  5    God:    Okawaru [****..]
Gold:   326        SH: 12    Dex: 11    Spells: 8/8 levels left

rFire    . . .     SeeInvis .   a - +1 long sword
rCold    . . .     Gourm    .   c - +0 shield
rNeg     . . .     Faith    .   h - +1 plate armour
rPois    .         Spirit   .   (helmet restricted)
rElec    .         Reflect  .   (no cloak)
rCorr    .         Harm     .   t - +0 pair of gloves
MR       .....                  (no boots)
Stlth    ..........             (no amulet)
HPRegen  0.23/turn              (no ring)
MPRegen  0.11/turn              (no ring)

@: lightly drained
A: retaliatory headbutt, horns 2
a: Heroism, Renounce Religion


You were on level 9 of the Dungeon.
You worshipped Okawaru.
Okawaru was greatly pleased with you.
You were not hungry.

You visited 1 branch of the dungeon, and saw 9 of its levels.

You collected 326 gold pieces.

Inventory:

Hand Weapons
 a - a +1 long sword (weapon)
 y - the +5 dagger "Zuvoikisch" {drain, +Fly}
   (You found it on level 5 of the Dungeon)

   A truly terrible weapon, it drains the life of those it strikes.
   It lets you fly.
Armour
 b - a +0 scale mail
 c - a +0 shield (worn)
 h - a +1 plate armour (worn)
 t - a +0 pair of gloves (worn)
Jewellery
 r - an uncursed amulet of rage
 w - a cursed ring of teleportation {unknown}
Wands
 d - a wand of disintegration (15)
 o - a wand of flame (10)
 s - a wand of random effects (18)
Scrolls
 j - 5 scrolls of teleportation
 m - 3 scrolls of remove curse
 n - 2 scrolls of amnesia
 u - a scroll of enchant weapon
 v - 5 scrolls of identify
 B - a scroll of enchant armour
Potions
 e - 2 potions of brilliance {unknown}
 g - a potion of haste
 i - 3 potions of heal wounds
 k - a potion of berserk rage {unknown}
 l - 3 potions of agility {unknown}
 p - a potion of ambrosia {unknown}
 q - 3 potions of curing {unknown}
 x - a potion of mutation {unknown}
 z - 2 potions of degeneration {unknown}
 C - a potion of resistance
Comestibles
 f - 10 rations
 A - 2 chunks of flesh


   Skills:
 + Level 7.0(6.9) Fighting
 + Level 10.3(10.2) Long Blades
 + Level 8.6(8.5) Armour
 + Level 1.5(1.4) Dodging
 + Level 1.5(1.4) Stealth
 + Level 9.3(9.2) Shields
 + Level 0.6(0.5) Invocations


You had 8 spell levels left.
You didn't know any spells.
Your spell library contained the following spells:

 Spells                   Type           Power        Failure   Level  Hunger
 Magic Dart               Conj           #...         100%        1    ##.....
 Sandblast                Erth           #.....       100%        1    ##.....
 Blink                    Tloc           N/A          100%        2    ###....
 Call Imp                 Summ           #.......     100%        2    ###....
 Passwall                 Tmut/Erth      #.......     100%        2    ###....
 Slow                     Hex            #.......     100%        2    ###....
 Conjure Flame            Conj/Fire      #.......     100%        3    ####...
 Mephitic Cloud           Conj/Pois/Air  #.......     100%        3    ####...
 Stone Arrow              Conj/Erth      #.....       100%        3    ####...
 Petrify                  Tmut/Erth      #.......     100%        4    #####..
 Lee's Rapid Deconstruct  Erth           #.........   100%        5    ######.


Dungeon Overview and Level Annotations

Branches:
Dungeon (9/15)             Temple (0/1) D:5
   Lair: D:8-11         Orc: D:9-12

Altars:
Dithmenos
Gozag
Kikubaaqudgha
Makhleb
Okawaru
Qazlal
Trog
Vehumet
Yredelemnul

Shops:
D:6 *   D:8 *

Annotations:
D:9 Erolcha


Innate Abilities, Weirdness & Mutations

You reflexively headbutt those who attack you in melee.
You have a pair of horns on your head.


Message History

Erolcha hits you with a +0 giant spiked club!
* * * LOW HITPOINT WARNING * * *
You slash Erolcha!
Erolcha is heavily wounded.
Erolcha screams, "DIE!"
Erolcha hits you with a +0 giant spiked club!
* * * LOW HITPOINT WARNING * * *
You hit Erolcha but do no damage.
Erolcha is heavily wounded.
You block Erolcha's attack.
You hit Erolcha.
Erolcha is severely wounded.
Erolcha hits you but does no damage.
You hit Erolcha.
Erolcha is severely wounded.
Erolcha hits you but does no damage.
A big kobold comes into view. It is wielding a +0 short sword.
You feel much better.
Erolcha hits you with a +0 giant spiked club!!
You die...

###
##.############.#
#.............#..
#############.#.#
...##.#.# ##### #
##^##†#.# #...#
#.#.....#.#
#.#.###....#..[.#
#........#.#.####
#.O@.......#.#
###.########.#
.... >.# #K#.#.
#.# #.?.#.# #.# #
### # #.# #..


You could see Erolcha and a big kobold.

Vanquished Creatures
  A two-headed ogre (D:7)
  A hippogriff (D:7)
  Grum (D:8)
  A hungry ghost (D:8)
  2 orc warriors
  A phantom (D:8)
  A sky beast (D:6)
  An ogre (D:4)
  3 wolves (D:8)
  3 centaurs
  3 big kobolds
  4 bullfrogs
  2 crimson imps
  4 centaur zombies
  A hound (D:9)
  5 orc priests
  A bullfrog skeleton (D:7)
  2 centaur skeletons
  4 orc wizards
  Ijyb (D:4)
  Terence (D:3)
  2 iguanas
  Natasha (thrice) (D:3)
  4 worker ants
  A howler monkey zombie (D:7)
  9 adders
  A shadow imp (D:5)
  An ooze (D:3)
  An adder skeleton (D:5)
  3 worms
  2 leopard geckos
  23 orcs
  3 ball pythons
  5 giant cockroaches
  6 hobgoblins
  13 jackals
  4 quokkas
  12 bats
  6 frilled lizards
  8 goblins
  2 jackal zombies (D:5)
  23 kobolds
  2 leopard gecko skeletons
  A leopard gecko zombie (D:5)
  A quokka zombie (D:6)
  7 rats
186 creatures vanquished.

Notes
Turn   | Place    | Note
-------+----------+-------------------------------------------
     0 | D:1      | Peloso the Minotaur Fighter began the quest for the Orb.
     0 | D:1      | Reached XP level 1. HP: 19/19 MP: 0/0
    96 | D:1      | Reached XP level 2. HP: 27/27 MP: 1/1
   727 | D:2      | Reached XP level 3. HP: 33/33 MP: 2/2
   732 | D:2      | Found an iron altar of Okawaru.
   746 | D:2      | Reached skill level 3 in Long Blades
   753 | D:2      | Became a worshipper of Warmaster Okawaru
   954 | D:2      | Reached XP level 4. HP: 40/40 MP: 3/3
  1227 | D:3      | Reached skill level 4 in Long Blades
  1378 | D:3      | Reached XP level 5. HP: 5/46 MP: 4/4
  1659 | D:3      | Reached skill level 5 in Shields
  1766 | D:3      | Noticed Natasha
  1770 | D:3      | Killed Natasha
  2094 | D:3      | Noticed Natasha
  2100 | D:3      | Killed Natasha
  2100 | D:3      | Reached skill level 5 in Armour
  2138 | D:3      | Noticed Terence
  2145 | D:3      | Killed Terence
  2145 | D:3      | Reached skill level 5 in Long Blades
  2145 | D:3      | Reached XP level 6. HP: 49/52 MP: 5/5
  2256 | D:3      | Noticed Natasha
  2264 | D:3      | Killed Natasha
  2327 | D:4      | Reached * piety under Okawaru
  2439 | D:4      | Found a basalt altar of Yredelemnul.
  2684 | D:4      | Found a shadowy altar of Dithmenos.
  2818 | D:4      | Noticed Ijyb
  2828 | D:4      | Killed Ijyb
  2828 | D:4      | Reached skill level 6 in Long Blades
  3043 | D:5      | Entered Level 5 of the Dungeon
  3300 | D:5      | Found a stormy altar of Qazlal.
  3350 | D:5      | Reached XP level 7. HP: 59/60 MP: 6/6
  3527 | D:5      | Got a warped dagger
  3528 | D:5      | Identified the +5 dagger "Zuvoikisch" {drain, +Fly} (You
                  | found it on level 5 of the Dungeon)
  3637 | D:5      | Found a bloodstained altar of Trog.
  3638 | D:5      | Found an opulent altar of Gozag.
  3654 | D:5      | Found a radiant altar of Vehumet.
  3731 | D:5      | Found a staircase to the Ecumenical Temple.
  3826 | D:6      | Reached skill level 1 in Dodging
  3926 | D:6      | Found Iqulydal's General Store.
  3936 | D:6      | Reached skill level 7 in Long Blades
  4051 | D:6      | Reached XP level 8. HP: 67/67 MP: 7/7
  4495 | D:6      | Reached ** piety under Okawaru
  4520 | D:6      | Reached skill level 5 in Fighting
  4520 | D:6      | Reached skill level 8 in Long Blades
  4750 | D:7      | Noticed a two-headed ogre
  4758 | D:7      | Killed a two-headed ogre
  4758 | D:7      | Reached *** piety under Okawaru
  4758 | D:7      | Reached skill level 9 in Long Blades
  4831 | D:7      | Found an ancient bone altar of Kikubaaqudgha.
  4873 | D:7      | Reached XP level 9. HP: 74/75 MP: 8/8
  4961 | D:7      | Found a sand-covered staircase.
  5153 | D:7      | Reached **** piety under Okawaru
  5465 | D:8      | Found a burning altar of Makhleb.
  5509 | D:8      | Found Fiotsos's Assorted Antiques.
  5855 | D:8      | Noticed Grum
  5866 | D:8      | Reached skill level 1 in Stealth
  5877 | D:8      | Killed Grum
  5877 | D:8      | Reached skill level 10 in Long Blades
  6536 | D:9      | Noticed Erolcha
  6552 | D:9      | Slain by Erolcha

Skill      XL: |  1  2  3  4  5  6  7  8  9 |
---------------+----------------------------+-----
Shields        | 4 5 6 8 9 |  9.3
Armour         | 4 5 6 7 8 |  8.6
Fighting       | 4 5 7 |  7.0
Long Blades    | 3 4 5 6 7 9 10 | 10.3
Dodging        | 1 |  1.5
Stealth        | 1 |  1.5
Invocations    | |  0.6

Action                   |  1- 3 |  4- 6 |  7- 9 || total
-------------------------+-------+-------+-------++-------
Melee: Long sword        |   112 |   174 |   366 ||   652
       Headbutt          |    16 |    27 |    74 ||   117
Invok: Heroism           |       |       |     1 ||     1
  Use: Scroll            |       |     7 |     3 ||    10
       Potion            |       |       |     2 ||     2
  Eat: Chunk             |       |     6 |     8 ||    14
       Ration            |       |     1 |     1 ||     2
Armor: Scale mail        |    19 |       |       ||    19
       Plate armour      |    95 |   125 |   184 ||   404
Dodge: Dodged            |    30 |    39 |    60 ||   129
Block: Shield            |    81 |   112 |   209 ||   402
       Rpst.: Long sword |     6 |    10 |    21 ||    37
